 Dungeon Crawl Stone Soup version 0.28.0 (console) character file.

Game seed: 7991866900095109879

16 jejorda2 the Cutter (level 2, 0/16 HPs)
             Began as a Vine Stalker Berserker on Feb 8, 2022.
             Was a Follower of Trog.
             Succumbed to a kobold's poison
             ... on level 1 of the Dungeon.
             The game lasted 00:00:54 (351 turns).

jejorda2 the Cutter (Vine Stalker Berserker)         Turns: 351, Time: 00:00:55

Health: 0/16       AC:  5    Str: 19    XL:     2   Next: 58%
Magic:  2/3        EV: 11    Int:  7    God:    Trog [*.....]
Gold:   72         SH:  0    Dex: 13    Spells: 1/1 levels left

rFire   . . .      SeeInvis .   a - +0 short sword
rCold   . . .      Faith    .   (no shield)
rNeg    . . .      Spirit   +   c - +0 ring mail
rPois   .          Reflect  .   (no helmet)
rElec   .          Harm     .   (no cloak)
rCorr   .          Rampage  .   (no gloves)
Will    .....                   (no boots)
Stlth   +.........              (no amulet)
HPRegen 0.05/turn               (no ring)
MPRegen 0.08/turn               (no ring)

@: lethally poisoned (0 -> -10)
A: fangs 2, magic shield, antimagic bite, no potion heal 2
a: Renounce Religion, Berserk


You were on level 1 of the Dungeon.
You worshipped Trog.
Trog was aware of your devotion.
You visited 1 branch of the dungeon, and saw 1 of its levels.

You collected 72 gold pieces.

Inventory:

Hand Weapons
 a - a +0 short sword (weapon)
Armour
 b - a +0 animal skin
 c - a +0 ring mail (worn)
Scrolls
 d - a scroll of identify {unknown}


   Skills:
 + Level 2.9 Fighting
 * Level 3.1 Short Blades
 + Level 1.8 Armour
 - Level 1.5 Dodging


You had one spell level left.
You didn't know any spells.
Your spell library was empty.

Dungeon Overview and Level Annotations

Branches:
Dungeon (1/15)

Altars:


Innate Abilities, Weirdness & Mutations

You have extremely sharp teeth.
When hurt, damage is shared between your health and your magic reserves.
Your bite disrupts and absorbs the magic of your enemies.
Potions cannot restore your health.


Message History

You kill the jackal!
Trog accepts your kill.
You hit the hobgoblin.
The hobgoblin is moderately wounded.
The hobgoblin hits you.
Items here: †††.
You barely miss the hobgoblin.
The hobgoblin is moderately wounded.
The hobgoblin hits you.
You hit the hobgoblin but do no damage.
The hobgoblin is moderately wounded.
The hobgoblin barely misses you.
You hit the hobgoblin.
You kill the hobgoblin!
Trog accepts your kill.
No target in view!
No target in view!
You see here a hobgoblin corpse.
Found 24 stones.
You see here a hobgoblin corpse.
A kobold comes into view. It is wielding a +0 whip of venom.
Found a mace.
The kobold shouts!
The kobold hits you with a +0 whip of venom.
You are poisoned.
You barely miss the kobold. You bite the kobold, but do no damage.
You feel sick. The kobold barely misses you.
You closely miss the kobold.
You feel sick.
The kobold hits you with a +0 whip of venom.
You are lethally poisoned!
You hit the kobold.
You kill the kobold!
Trog accepts your kill.
You feel very sick.
You are too injured to fight recklessly!
You are too injured to fight recklessly!
There is a lethal amount of poison in your body!
* * * LOW HITPOINT WARNING * * *
You feel sick.
You die...

..#######.##.#######
..# #.##.#(.[..#
#########.##.#...#.#
# #.......#.#...#.#
# #.####..#.......#
# #..####..##### #
#....††......#
#.####..####.#
#..)....@.# ####
....#....#.).....#
...###
##.###########.#.#
.....## #.
#<....###.
##.....##. #.....##
##.....# #..#..#


There were no monsters in sight!

Vanquished Creatures
  A dart slug (D:1)
  3 bats (D:1)
  An endoplasm (D:1)
  A hobgoblin (D:1)
  3 jackals (D:1)
  A kobold (D:1)
  A quokka (D:1)
  2 rats (D:1)
13 creatures vanquished.

Notes
Turn   | Place    | Note
-------+----------+-------------------------------------------
     0 | D:1      | jejorda2 the Vine Stalker Berserker began the quest for the
                  | Orb.
     0 | D:1      | Reached XP level 1. HP: 11/11 MP: 2/2
   233 | D:1      | Reached skill level 3 in Short Blades
   233 | D:1      | Reached XP level 2. HP: 16/16 MP: 3/3
   351 | D:1      | Succumbed to a kobold's poison

Illustrated notes

Levels and vault maps discovered:
D:1:      minmay_arrival_loop, layout_basic, fountainhead,
          chequers_serial_rivers_large_b

Skill      XL: |  1 |
---------------+----+-----
Short Blades   | 3 |  3.1
Fighting       | |  2.9
Armour         | |  1.8
Dodging        | |  1.5

Action                   || total
-------------------------++-------
Melee: Short sword       ||    34
       Punch             ||     1
       Bite              ||     3
Armor: Ring mail         ||     7
Dodge: Dodged            ||    25
